FIQ, neutral male scurrid Tourist ---------------- .....r.........| |..............| -..............| |..............| ---------------- FIQ the Rambler Experience level: 1 Strength: 11 Dexterity: 11 Constitution: 13 Intelligence: 16 Wisdom: 8 Charisma: 16 Health: 9(9) Energy: 2(2) Def: 0 Gold: 195 Moves: 44 Dungeon seed: yjlJ7LAabAOdXH_9 Game ID: FIQ_1498602550 Your Inventory: Coins $ - 195 gold pieces Weapons a - 42 uncursed +2 darts (in quiver) Armor e - an uncursed +0 Hawaiian shirt (being worn) Comestibles b - 3 uncursed food rations c - an uncursed tin of goblin meat d - an uncursed chestnut f - an uncursed tripe ration g - 2 uncursed tins of jackal meat h - an uncursed apple i - an uncursed cream pie j - an uncursed fortune cookie Scrolls l - 4 uncursed scrolls of magic mapping Potions k - 2 uncursed potions of extra healing Wands o - an uncursed wand of secret door detection (0:13) Tools m - an uncursed expensive camera (0:31) n - an uncursed credit card p - an uncursed leash Spells and supernatural/magical abilities: Name Level Category Fail Memory W - pray for help -- divine ? -- Your skills at the end: Miscellaneous Skills wands [Basic] Weapon Skills dart [Basic] Spellcasting Skills Final Attributes: You were devoutly aligned. You had infravision. You were very stealthy. You survived. Vanquished creatures: a lichen Voluntary challenges: You went without food. You did not adorn yourself with jewelry or accessories. You did not cause conflict. You were not invisible. You did not have reflection. You were not displaced. You were an atheist. You never hit with a wielded weapon. You did not use tools. You did not use plumbed fixtures. You did not drink any magical draughts. You were illiterate. You never genocided any monsters. You never polymorphed an object. You never changed form. You used no wishes. You never split a pudding. You never wrote Elbereth's name. You never violated your personal moral code. Dungeon overview: The Dungeons of Doom: levels 1 to 10 Level 1 a long staircase Level 2 Level 3 an altar to The Lady Level 4 a long staircase Level 5 Level 6 Level 7 Level 8 Level 9 Level 10 <- You were here History has recorded: On T:1 you entered the Dungeons of Doom to retrieve the Amulet of Yendor! On T:25 you reached level 2 of The Dungeons of Doom. On T:28 you reached level 3 of The Dungeons of Doom. On T:30 you reached level 4 of The Dungeons of Doom. On T:32 you reached level 5 of The Dungeons of Doom. On T:34 you reached level 6 of The Dungeons of Doom. On T:37 you reached level 7 of The Dungeons of Doom. On T:39 you reached level 8 of The Dungeons of Doom. On T:41 you reached level 9 of The Dungeons of Doom. On T:43 you reached level 10 of The Dungeons of Doom. Score breakdown: Gold: 0 ( 0 points) Experience: 1 level ( 0 points) Exploration: 10 levels ( 270 points) Discoveries: 0 items ( 0 points) Variety of kills: 1 monster ( 50 points) Major goal: (nothing yet) ( 0 points) Survival: quit (score multiplied by 3) Total score: 960 Latest messages: You dig a hole through the floor. You fall through... You start digging downward. You continue digging downward. You dig a pit in the floor. You continue digging downward. You dig a hole through the floor. You fall through... You start digging downward. You continue digging downward. You dig a pit in the floor. You continue digging downward. You dig a hole through the floor. You fall through... You start digging downward. You continue digging downward. You dig a pit in the floor. You continue digging downward. You dig a hole through the floor. You fall through... You start digging downward. You continue digging downward. You dig a pit in the floor. You continue digging downward. You dig a hole through the floor. You fall through... That command is only available in debug mode. Final status: Aloha FIQ the Tourist, quit... You quit in The Dungeons of Doom on dungeon level 10 with 960 points, and 195 pieces of gold, after 44 moves. You were level 1 with a maximum of 9 hit points when you quit.